 Dungeon Crawl Stone Soup version 0.32-a0-711-g016ad743e0 (webtiles) character file.

Game seed: 13104966490982606057

18543 zenocrate the Grappler (level 12, 0/107 HPs)
             Began as a Troll Earth Elementalist on Mar 15, 2024.
             Was an Elder of Cheibriados.
             Slain by a catoblepas (8 damage)
             ... while petrified by a catoblepas
             ... on level 3 of the Lair of Beasts.
             The game lasted 00:15:45 (9934 turns).

zenocrate the Grappler (Troll Earth Elementalist)   Turns: 9934, Time: 00:15:46

Health: 0/107      AC:  9    Str: 37    XL:     12   Next: 28%
Magic:  6/15       EV:  1    Int: 18    God:    Cheibriados [****..]
Gold:   751        SH:  0    Dex: 19    Spells: 6/14 levels left

rFire   + .          .
                       - Unarmed
rCold   . . .        i - +0 kite shield
rNeg    + + +        h - +0 acid dragon scales
rPois   ∞            (helmet currently unavailable)
rElec   .            (cloak currently unavailable)
rCorr   +            (gloves unavailable)
SInv    .            (boots unavailable)
Will    +....        I - amulet of reflection
Stlth   ++           p - ring of protection from fire
HPRegen 1.17/turn    f - ring of willpower
MPRegen 0.14/turn

%: reflection
@: lethally poisoned (0 -> 0), beast-form, petrified, very slow
A: beast (slay +3), large, unfitting armour, claws 3, regeneration 1, shaggy fur
1, tough skin 1, dopey 1, sense surroundings 1, strong 1, sturdy frame 1
a: Begin Untransformation, Renounce Religion, Bend Time, Temporal Distortion,
Slouch


You were on level 3 of the Lair of Beasts.
You worshipped Cheibriados.
Cheibriados was greatly pleased with you.
You were a hulking beast.
You visited 3 branches of the dungeon, and saw 13 of its levels.

You collected 751 gold pieces.

Inventory:

Missiles
 o - 17 poisoned darts (quivered)
 x - 8 boomerangs
 A - 3 curare-tipped darts
 B - 6 javelins
 D - 12 darts of dispersal
Armour
 h - +0 acid dragon scales (worn)
 i - a +0 kite shield (worn)
Jewellery
 f - a ring of willpower (right claw)
 p - a ring of protection from fire (left claw)
 r - a ring of ice
 C - a ring of flight
 G - a ring of ice
 I - an amulet of reflection (around neck)
Talismans
 m - a serpent talisman
 v - a beast talisman (active)
Wands
 t - a wand of flame (54)
Scrolls
 c - 2 scrolls of vulnerability {unknown}
 g - 2 scrolls of amnesia {unknown}
 j - a scroll of teleportation {unknown}
 l - a scroll of fog {unknown}
 n - a scroll of torment {unknown}
 s - a scroll of blinking {unknown}
 u - 2 scrolls of immolation {unknown}
 y - a scroll of enchant weapon {unknown}
 z - 3 scrolls of revelation
 F - 2 scrolls of enchant armour {unknown}
Potions
 a - a potion of resistance
 b - 2 potions of magic
 d - 4 potions of curing
 e - 2 potions of cancellation
 k - 5 potions of brilliance
 w - 2 potions of attraction
 E - a potion of berserk rage
 J - a potion of enlightenment


   Skills:
 + Level 4.1 Fighting
 + Level 4.5 Throwing
 + Level 4.1 Armour
 + Level 5.4 Dodging
 - Level 1.7 Stealth
 + Level 4.6 Shields
 * Level 11.3 Unarmed Combat
 - Level 1.8 Spellcasting
 - Level 1.7 Conjurations
 - Level 3.4 Earth Magic
 + Level 5.4 Invocations
 + Level 3.8 Evocations
 + Level 6.8 Shapeshifting


You had 6 spell levels left.
You knew the following spells:

 Your Spells              Type           Power      Damage    Failure   Level
a - Sandblast             Erth           28%        2d8       8%          1
b - Lesser Beckoning      Tloc           2%         N/A       43%         2
x - Blink                 Tloc           2%         N/A       43%         2
z - Passwall              Erth           14%        N/A       22%         3

Your spell library contained the following spells:

 Spells                   Type           Power      Damage    Failure   Level
 Stone Arrow              Conj/Erth      20%        3d8       32%         3
 Momentum Strike          Conj/Tloc      8%         3d8       34%         2
 Static Discharge         Conj/Air       8%         3-4/arc   34%         2
 Hailstorm                Conj/Ice       4%         3d5       56%         3
 Summon Ice Beast         Ice/Summ       1%         N/A       67%         3
 Volatile Blastmotes      Fire/Tloc      2%         2d10      67%         3
 Brom's Barrelling Bould  Conj/Erth      10%        2d3       73%         4
 Petrify                  Alch/Erth      7%         N/A       83%         4
 Fulminant Prism          Conj/Alch      2%         3d5       92%         4
 Iskenderun's Mystic Bla  Conj/Tloc      4%         2d3       92%         4
 Airstrike                Air            0%         2d(1-17)  97%         4
 Summon Lightning Spire   Summ/Air       1%         N/A       97%         4
 Summon Forest            Summ/Tloc      0%         N/A       100%        5
 Eringya's Noxious Bog    Alch           0%         4d6       100%        6
 Permafrost Eruption      Ice/Erth       3%         2x4d2     100%        6
 Sculpt Simulacrum        Ice/Alch       0%         N/A       100%        6
 Summon Hydra             Summ           0%         N/A       100%        7


Dungeon Overview and Level Annotations

Branches:
Dungeon (9/15)             Temple (1/1) D:4            Lair (3/5) D:9
  Swamp: Lair:2-3    Shoals: Lair:2-3     Snake: Lair:2-3    Spider: Lair:2-3
    Orc: D:9-12

Altars:
Ashenzari
Cheibriados
Dithmenos
Elyvilon
Fedhas
Gozag
Hepliaklqana
Kikubaaqudgha
Makhleb
Nemelex Xobeh
Okawaru
Qazlal
Ru
Sif Muna
Trog
Uskayaw
Vehumet
Wu Jian
Xom
Yredelemnul
Zin
The Shining One

Shops:
D:5 =

Annotations:
D:5 2 transporters
D:6 1 runed translucent door
D:7 3 runed translucent doors, GreenGuy14's ghost, novice TrSh; hattop's ghost, novice DrSh
Lair:2 exclusion: oklob plant


Innate Abilities, Weirdness & Mutations

You are a hulking beast.
Your limbs bulge with bestial killing power. (Slay +3)
You are immune to poison.
You are too large for most types of armour.
You have claws for hands.
Your natural rate of healing is unusually fast.
You are covered in fur. (AC +1)
You have tough skin. (AC +1)
You are dopey. (Int -2)
You passively map a small area around you.
Your muscles are strong. (Str +4, Int/Dex -1)
Your movements are slightly less encumbered by armour. (ER -2)


Message History

You kill the wolf!
Cheibriados appreciates the change of pace.
You can no longer step out of the flow of time.
Cheibriados lowers the support of your attributes as your movement quickens.
You are engulfed in calcifying dust.
You are slowing down.
You feel very sick.
Activating: Slouch (19% risk of failure)
Press: ? - help, Dir - look around, f - activate You fail to use your ability.
You are engulfed in calcifying dust.
You feel extremely sick.
The catoblepas breathes a plume of calcifying dust at you.
The blast of calcifying dust hits you.
Your limbs are stiffening.
Unknown command.
Unknown command.
Activating: Slouch (19% risk of failure)
Press: ? - help, Dir - look around, f - activate You can feel time thicken for a moment.
You are engulfed in calcifying dust.
You feel very sick.
The polar bear is engulfed in calcifying dust.
The polar bear is moving more slowly.
The catoblepas breathes a plume of calcifying dust at you.
The blast of calcifying dust hits you.
You have turned to stone.
You are engulfed in calcifying dust. x2
The catoblepas gores you! The polar bear bites you! The polar bear claws you.
The polar bear claws you but does no damage.
The catoblepas gores you! The polar bear bites you! The polar bear claws you.
The polar bear claws you but does no damage.
The polar bear stops moving altogether!
The catoblepas gores you!
* * * LOW HITPOINT WARNING * * *
The catoblepas gores you!!
* * * LOW HITPOINT WARNING * * *
The catoblepas gores you but does no damage.
The catoblepas gores you.
* * * LOW HITPOINT WARNING * * *
The catoblepas gores you!!
* * * LOW HITPOINT WARNING * * *
The catoblepas gores you!
You die...
Cheibriados appreciates the motionlessness of death.

, , , , , ,,..
,, ,, ,, #. , ,
, #.#* * * *#..
* ,, , #..# ,
*##.. , *
,#...###### ß
,, * #hhß..# ,.
, ,, , *,
,#†Y†..#....,
#߆<....ß$> ß
..........#....
...##..ß..#,...
,, , * ...
..###### ,,* *
#.,...* , , #
##.., , , * ,
..# * ,, ,


You could see a catoblepas and a polar bear (petrified).

Vanquished Creatures
  Fannar (Lair:2)
  4 elephants
  A black mamba (Lair:3)
  7 cane toads
  Maggie (D:7)
  Jeremiah (D:8)
  Psyche (D:8)
  2 rime drakes (Lair:1)
  6 komodo dragons
  A troll (D:9)
  2 polar bears
  8 blink frogs
  A hornet (Lair:2)
  A wyvern (Lair:1)
  Grum (D:8)
  22 yaks
  Eustachio (D:5)
  A basilisk (Lair:2)
  A steam dragon (D:9)
  A swamp worm (Lair:2)
  9 water moccasins
  4 black bears
  An ice beast (D:6)
  2 sky beasts
  11 wolves
  2 centaurs
  A kobold brigand (D:6)
  7 bullfrogs
  3 scorpions
  5 wights (D:8)
  11 killer bees
  3 howler monkeys (D:9)
  4 electric eels (D:9)
  A jelly (D:7)
  3 orc priests
  5 hounds
  Jessica (D:2)
  5 orc wizards
  7 iguanas
  Ijyb (D:3)
  Robin (D:3)
  3 gnolls (D:5)
  9 adders
  2 white imps
  3 ufetubi (D:6)
  3 dart slugs
  4 ribbon worms
  28 orcs
  5 ball pythons
  3 bat zombies (D:3)
  5 endoplasms
  5 giant cockroaches
  16 goblins
  19 hobgoblins
  5 jackals
  5 quokkas
  5 bats
  6 frilled lizards
  A frilled lizard zombie (D:3)
  14 kobolds
  7 rats
  A spectral hobgoblin (D:1)
300 creatures vanquished.

Notes
Turn   | Place    | Note
-------+----------+-------------------------------------------
     0 | D:1      | zenocrate the Troll Earth Elementalist began the quest for
                  | the Orb.
     0 | D:1      | Reached XP level 1. HP: 16/16 MP: 1/1
   113 | D:1      | Reached skill level 1 in Unarmed Combat
   141 | D:1      | Reached XP level 2. HP: 24/24 MP: 2/2
   217 | D:1      | Found a faded altar of an unknown god.
   421 | D:1      | Reached skill level 2 in Unarmed Combat
   604 | D:2      | Reached XP level 3. HP: 20/31 MP: 3/3
   695 | D:2      | Noticed Jessica
   698 | D:2      | Killed Jessica
   699 | D:2      | Reached XP level 4. HP: 34/39 MP: 4/4
   773 | D:2      | Identified the +0 chain mail of Unbearable Music {rPois rC+
                  | rN+ Regen+}
   988 | D:2      | Reached skill level 3 in Unarmed Combat
  1386 | D:3      | Learned a level 3 spell: Passwall
  1405 | D:3      | Found a bloodstained altar of Trog.
  1407 | D:3      | Noticed Ijyb
  1433 | D:3      | Killed Ijyb
  1434 | D:3      | Reached XP level 5. HP: 37/45 MP: 6/6
  1461 | D:3      | Noticed Robin
  1481 | D:3      | Killed Robin
  1499 | D:3      | Reached skill level 1 in Conjurations
  1806 | D:3      | Reached skill level 4 in Unarmed Combat
  1814 | D:3      | Found an ancient bone altar of Kikubaaqudgha.
  2229 | D:4      | Reached XP level 6. HP: 53/53 MP: 7/7
  2236 | D:4      | Found a staircase to the Ecumenical Temple.
  2263 | Temple   | Entered the Ecumenical Temple
  2335 | Temple   | Became a worshipper of Cheibriados the Contemplative
  2781 | D:5      | Entered Level 5 of the Dungeon
  2785 | D:5      | Reached skill level 1 in Shapeshifting
  2787 | D:5      | Found a transporter.
  2870 | D:5      | Reached skill level 5 in Unarmed Combat
  2934 | D:5      | Noticed a water moccasin
  2950 | D:5      | Killed a water moccasin
  2950 | D:5      | Reached * piety under Cheibriados
  2951 | D:5      | Reached XP level 7. HP: 45/59 MP: 8/8
  3069 | D:5      | Found a sparkling altar of Nemelex Xobeh.
  3087 | D:5      | Noticed Eustachio
  3108 | D:5      | Killed Eustachio
  3109 | D:5      | Reached skill level 6 in Unarmed Combat
  3151 | D:5      | Found a transporter.
  3220 | D:5      | Gained mutation: Your muscles are strong. (Str +4, Int/Dex
                  | -1) [potion of mutation]
  3220 | D:5      | Gained mutation: You occasionally lose the ability to read
                  | scrolls when taking damage. [potion of mutation]
  3220 | D:5      | Gained mutation: Your magical capacity is low. (-10% MP)
                  | [potion of mutation]
  3221 | D:5      | Lost mutation: Your magical capacity is low. (-10% MP)
                  | [potion of mutation]
  3221 | D:5      | Lost mutation: You occasionally lose the ability to read
                  | scrolls when taking damage. [potion of mutation]
  3221 | D:5      | Gained mutation: Your movements are slightly less
                  | encumbered by armour. (ER -2) [potion of mutation]
  3221 | D:5      | Gained mutation: You are dopey. (Int -2) [potion of
                  | mutation]
  3221 | D:5      | Gained mutation: You passively map a small area around you.
                  | [potion of mutation]
  3252 | D:5      | Reached XP level 8. HP: 39/67 MP: 1/9
  3482 | D:5      | Found Yvorr's Jewellery Shoppe.
  3543 | D:5      | Found an opulent altar of Gozag.
  3684 | D:6      | Reached skill level 7 in Unarmed Combat
  3780 | D:6      | Found a runed translucent door.
  3844 | D:6      | Reached ** piety under Cheibriados
  3845 | D:6      | Reached skill level 8 in Unarmed Combat
  4083 | D:6      | Reached skill level 9 in Unarmed Combat
  4137 | D:6      | Learned a level 2 spell: Blink
  4140 | D:6      | Learned a level 2 spell: Lesser Beckoning
  4774 | D:7      | Found a runed translucent gate.
  4774 | D:7      | Found a runed translucent gate.
  4774 | D:7      | Found a runed translucent gate.
  5060 | D:7      | Reached XP level 9. HP: 73/74 MP: 7/10
  5129 | D:7      | Noticed Maggie
  5142 | D:7      | Killed Maggie
  5248 | D:7      | Noticed GreenGuy14's ghost (novice TrSh)
  5248 | D:7      | Noticed hattop's ghost (novice DrSh)
  5323 | D:7      | Reached *** piety under Cheibriados
  5326 | D:7      | Reached skill level 10 in Unarmed Combat
  5661 | D:8      | Found a stormy altar of Qazlal.
  5813 | D:8      | Noticed Jeremiah
  5826 | D:8      | Reached skill level 1 in Invocations
  5829 | D:8      | Killed Jeremiah
  5830 | D:8      | Reached skill level 1 in Throwing
  5900 | D:8      | Reached skill level 1 in Fighting
  5907 | D:8      | Reached skill level 1 in Armour
  5908 | D:8      | Reached skill level 1 in Shields
  5911 | D:8      | Reached skill level 1 in Evocations
  5940 | D:8      | Noticed Psyche
  5963 | D:8      | Killed Psyche
  5963 | D:8      | Reached **** piety under Cheibriados
  6419 | D:9      | Reached XP level 10. HP: 63/85 MP: 8/11
  6534 | D:9      | Noticed Grum
  6547 | D:9      | Reached skill level 5 in Shapeshifting
  6651 | D:8      | Killed Grum
  7020 | D:9      | Found a staircase to the Lair.
  7500 | Lair:1   | Entered Level 1 of the Lair of Beasts
  7628 | Lair:1   | Noticed a cane toad
  7820 | Lair:1   | Noticed a cane toad
  7837 | D:9      | Killed a cane toad
  7844 | D:9      | Reached XP level 11. HP: 46/96 MP: 13/13
  8475 | Lair:1   | Reached skill level 5 in Dodging
  8829 | Lair:2   | Noticed an oklob plant
  8851 | Lair:2   | HP: 2/97 [oklob plant/splash of acid (9)]
  9088 | Lair:2   | Reached skill level 11 in Unarmed Combat
  9088 | Lair:2   | Reached skill level 5 in Invocations
  9352 | Lair:2   | Reached XP level 12. HP: 107/107 MP: 14/14
  9416 | Lair:2   | Noticed Fannar
  9437 | Lair:2   | Killed Fannar
  9668 | Lair:2   | Reached ***** piety under Cheibriados
  9917 | Lair:3   | Noticed a catoblepas
  9934 | Lair:3   | Slain by a catoblepas

Illustrated notes

Levels and vault maps discovered:
D:1:      psy_arrival_terrarium, layout_basic,
          dreamdust_ecumenical_altar_drowned_temple, minmay_split_cup_small
D:2:      layout_loops_cross, minmay_gold_behind_fungi, uniq_jessica
D:3:      layout_rooms, lemuel_zombie_altar_kikubaaqudgha,
          trog_three_pillars_becter, grunt_decor_fettered, uniq_robin, uniq_ijyb
D:4:      layout_loops_ring, minmay_temple_entry_hall, nicolae_goblin_pals
D:5:      gammafunk_wand_slinger, layout_rooms, nemelex_altar_shiori,
          grunt_gozag_breadcrumbs, serial_shops, kennysheep_mini,
          grunt_decor_cap, minmay_strange_pillars, minmay_misc_feat_plants,
          grunt_decor_arrowhead, grunt_ministairs_2, serial_bayou_ford_a,
          uniq_eustachio
D:6:      layout_cave_pools, lightli_church_of_beogh
D:7:      layout_basic, gammafunk_ghost_cemetery, minmay_unpleasant_kobolds,
          uniq_maggie
D:8:      layout_gridville, lemuel_doored_altar, uniq_psyche, uniq_jeremiah
D:9:      layout_small_grid, erik_lair_island, serial_bayou,
          serial_bayou_pond_e, serial_bayou_pond_e, serial_bayou_lagoon_a,
          serial_bayou_pond_e, chequers_jeans, minmay_misc_feat_room,
          serial_bayou_pond_a, uniq_grum
Temple:   minmay_temple_bridge_d
Lair:1:   layout_misc_corridors
Lair:2:   beast_lair_carwin_large_2, layout_gridlike, minmay_swamp_entry_worms,
          dpeg_stationary_puzzle, uniq_fannar
Lair:3:   layout_loops_ring, minmay_snake_entry_guardpost_small, basic_altar,
          grunt_megastairs_3

Skill      XL: |  1  2  3  4  5  6  7  8  9 10 11 12 |
---------------+-------------------------------------+-----
Unarmed Combat | 1 2 3 4 5 6 9 10 11 | 11.3
Conjurations   | 1 |  1.7
Shapeshifting  | 2 4 5 6 |  6.8
Dodging        | 2 3 4 5 |  5.4
Invocations    | 2 4 5 |  5.4
Throwing       | 1 3 4 |  4.5
Fighting       | 1 2 3 4 |  4.1
Armour         | 1 2 3 4 |  4.1
Shields        | 1 3 4 |  4.6
Evocations     | 1 2 3 |  3.8
Earth Magic    | 3 |  3.4
Stealth        | |  1.7
Spellcasting   | |  1.8

Action                     |  1- 3 |  4- 6 |  7- 9 | 10-12 || total
---------------------------+-------+-------+-------+-------++-------
  Melee: Unarmed           |    98 |   243 |   218 |   286 ||   845
         Punch             |       |     7 |     6 |       ||    13
  Throw: Dart              |       |       |    20 |    20 ||    40
   Cast: Sandblast         |       |     1 |     3 |       ||     4
         Blink             |       |       |       |     1 ||     1
 Invoke: Slouch            |       |       |       |     7 ||     7
  Evoke: Wand              |       |     1 |     6 |    10 ||    17
    Use: Scroll            |       |     3 |     9 |     4 ||    16
         Potion            |       |       |     7 |     1 ||     8
   Stab: Sleeping          |     1 |     3 |       |       ||     4
 Armour: Robe              |   108 |   171 |   132 |       ||   411
         Acid dragon scale |       |       |   103 |   271 ||   374
  Dodge: Dodged            |    59 |   113 |   102 |   150 ||   424
  Block: Kite shield       |       |       |    11 |   277 ||   288
         Reflection        |       |       |       |     3 ||     3
   Form: Beast             |       |     1 |       |       ||     1

Table legend: (Time is in decaauts)
 A = Elapsed time spent in this place.
 B = Non-inter-level travel time spent in this place.
 C = Inter-level travel time spent in this place.
 D = Time resting spent in this place.
 E = Time spent auto-exploring this place.
 F = Levels seen in this place.
 G = Mean time per level.
                   A        B        C        D        E       F      G
               +--------+--------+--------+--------+--------+-----+--------+
         Total |  12725 |  12068 |    657 |    466 |   9218 |  13 |  978.8 |
       Dungeon |   9778 |   9461 |    317 |    462 |   7166 |   9 | 1086.4 |
        Temple |    164 |      2 |    162 |      0 |      0 |   1 |  164.0 |
          Lair |   2782 |   2606 |    176 |      4 |   2051 |   3 |  927.3 |
               +--------+--------+--------+--------+--------+-----+--------+

Top non-repeatable levels by time:
     D:9: 2185 daAuts
     D:7: 1672 daAuts
  Lair:2: 1380 daAuts
  Lair:1: 1374 daAuts
     D:8: 1231 daAuts
     D:5: 1102 daAuts
     D:6: 867 daAuts
     D:4: 771 daAuts
     D:2: 749 daAuts
     D:3: 623 daAuts
     D:1: 575 daAuts
  Temple: 164 daAuts
  Lair:3: 27 daAuts
